Map: Ulrena

Players

Jason - Winner!

  • Race: Terran Terran
  • League: Grandmaster

Sacrilege

  • Race: Zerg Zerg
  • League: Grandmaster

VOD

Have the link to the VOD?

Description

Time

  • Played on: Jan. 18, 2016, 9:53 p.m.
  • Length: 11:18
Show
View Real Time Build Order
Export as new Build Order

Jason Terran - Winner!

Build Orders: MMM Bio 

Get SALT Encoding   

  12  0:01  SCV  
  13  0:13  SCV  
  14  0:17  Supply Depot  
  14  0:25  SCV  
  15  0:39  SCV  
  16  0:43  Barracks  
  16  0:46  Refinery  
  16  0:51  SCV  
  17  1:03  SCV  
  18  1:15  SCV  
  19  1:27  SCV  
  20  1:33  Reaper  
  21  1:40  Orbital Command  
  21  1:49  Command Center  
  21  1:57  Supply Depot  
  21  2:05  SCV  
  21  2:07  Barracks Reactor  
  22  2:18  SCV  
  23  2:25  Factory  
  23  2:30  SCV  
  24  2:42  SCV  
  24  2:43  Marine x2  
  27  2:49  Command Center  
  26  2:55  SCV, Refinery  
  27  3:02  Marine x2  
  29  3:08  Orbital Command  
  29  3:11  SCV  
  30  3:15  Widow Mine  
  32  3:22  Marine x2  
  32  3:25  SCV  
  35  3:31  Bunker  
  35  3:34  SCV  
  35  3:40  Starport  
  36  3:42  Marine  
  36  3:44  SCV  
  38  3:49  Factory Tech Lab, Marine  
  38  3:50  SCV  
  40  3:58  SCV  
  40  4:02  Supply Depot  
  41  4:04  Orbital Command  
  41  4:05  SCV  
  41  4:09  Liberator  
  42  4:10  Siege Tank  
  42  4:11  SCV  
  46  4:17  SCV, Marine x2  
  49  4:27  SCV  
  49  4:30  SCV  
  54  4:32  SCV, Supply Depot  
  54  4:36  Marine  
  54  4:38  Marine  
  56  4:39  SCV  
  56  4:42  SCV  
  56  4:43  Supply Depot  
  56  4:44  SCV  
  60  4:57  SCV  
  60  4:58  Liberator  
  61  5:02  Barracks  
  61  5:04  SCV  
  62  5:10  Marine  
  62  5:16  Factory Reactor  
  62  5:17  Stimpack  
  62  5:18  SCV  
  62  5:20  SCV  
  62  5:21  Barracks  
  67  5:25  SCV  
  67  5:28  Marine  
  69  5:29  Refinery  
  69  5:30  Refinery  
  69  5:31  Supply Depot  
  69  5:33  SCV  
  70  5:37  SCV  
  70  5:39  SCV  
  72  5:45  SCV, Engineering Bay x2, Marine  
  72  5:49  SCV  
  75  5:59  Starport Reactor  
  75  6:01  Supply Depot  
  75  6:04  Factory Reactor, Marine x2  
  75  6:06  Marauder  
  75  6:08  SCV  
  80  6:12  Barracks  
  80  6:13  Barracks  
  80  6:15  Marine  
  80  6:16  Marine  
  80  6:17  SCV  
  83  6:18  Orbital Command  
  83  6:20  SCV  
  84  6:27  Marauder, Marine x2  
  84  6:29  SCV  
  84  6:30  Missile Turret  
  84  6:32  SCV, Missile Turret x2  
  90  6:35  Terran Infantry Weapons Level 1  
  90  6:36  Terran Infantry Armor Level 1  
  90  6:38  Medivac  
  92  6:41  SCV, Widow Mine  
  92  6:45  SCV  
  92  6:46  SCV  
  97  6:53  SCV, Marauder  
  100  6:57  SCV  
  101  7:03  Supply Depot x2  
  101  7:05  Sensor Tower  
  101  7:12  Barracks Tech Lab x2  
  101  7:18  Supply Depot  
  101  7:24  Marauder, SCV x2, Medivac x2, Marine x4  
  113  7:30  Supply Depot x2  
  113  7:31  Supply Depot  
  113  7:34  Combat Shields, Marauder, Concussive Shells, Marine  
  113  7:36  SCV  
  117  7:42  Marine x2  
  119  7:46  Marauder  
  121  7:52  Marauder  
  122  7:59  Marine x2  
  122  8:03  Medivac  
  126  8:09  Refinery  
  126  8:10  Refinery  
  126  8:11  Command Center  
  126  8:12  Starport  
  126  8:14  Starport  
  126  8:15  Marine  
  126  8:16  Marine  
  126  8:19  Marine  
  129  8:23  Marauder, Marine  
  129  8:25  Widow Mine x2, Marine x2  
  138  8:33  Marine  
  139  8:35  SCV, Liberator x2, Armory  
  139  8:37  Marine x2  
  142  8:42  Liberator  
  142  8:43  Marauder  
  142  8:48  Marine  
  140  8:51  Marine x3  
  149  8:59  Widow Mine  
  149  9:00  SCV x2  
  149  9:01  Supply Depot  
  156  9:02  Supply Depot  
  156  9:05  Marauder  
  158  9:10  Marine  
  158  9:11  Marauder  
  158  9:16  Widow Mine  
  163  9:23  SCV  
  159  9:27  Marine  
  159  9:28  Widow Mine  
  160  9:33  Marine  
  160  9:34  Marauder x2  
  163  9:50  Orbital Command  
  163  9:53  Supply Depot, Widow Mine  
  163  9:54  Supply Depot x2  
  163  9:56  Marine  
  165  10:01  Sensor Tower  
  165  10:03  Marine x2  
  165  10:14  Medivac x3, Marine x2  
  165  10:15  Marine, Medivac, Marauder x2, Widow Mine  
  165  10:18  SCV x2  
  184  10:26  Marine  
  184  10:28  Marine  
  183  10:37  Marine x2  
  183  10:38  Marauder x2  
  183  10:40  Marine  
  187  10:44  Marine  
  188  10:53  Marine  
  189  11:00  Command Center  
Show
View Real Time Build Order
Export as new Build Order

Sacrilege Zerg 

Build Orders: Hatch First 

Get SALT Encoding   

  12  0:01  Drone  
  13  0:14  Overlord  
  13  0:18  Drone  
  14  0:33  Drone x2  
  16  0:38  Drone  
  17  0:56  Hatchery  
  16  0:59  Drone  
  17  1:04  Drone  
  17  1:07  Extractor  
  17  1:18  Drone  
  18  1:22  Spawning Pool  
  18  1:25  Drone  
  18  1:34  Drone  
  19  1:43  Overlord  
  19  2:09  Zergling x6  
  19  2:10  Queen x2  
  26  2:21  Drone  
  26  2:22  Drone  
  28  2:31  Drone x2  
  30  2:39  Drone  
  31  2:51  Lair  
  31  2:52  Drone  
  31  2:54  Drone, Extractor  
  31  2:55  Drone  
  33  3:00  Roach Warren  
  33  3:01  Drone  
  33  3:02  Drone  
  34  3:12  Drone  
  35  3:15  Overlord  
  35  3:19  Overlord  
  35  3:28  Drone  
  35  3:34  Drone x6  
  42  3:43  Roach  
  42  3:44  Roach  
  46  3:49  Roach x2  
  46  3:52  Roach  
  52  3:57  Glial Reconstitution  
  52  3:59  Overlord  
  52  4:07  Overlord  
  52  4:19  Roach x4  
  52  4:22  Overlord  
  60  4:27  Ravager x3  
  62  4:41  Hatchery  
  61  4:52  Drone, Zergling x2  
  63  4:53  Drone x4, Overlord  
  67  5:00  Overlord  
  61  5:07  Drone x4  
  61  5:09  Drone  
  61  5:13  Evolution Chamber  
  64  5:14  Drone  
  64  5:15  Evolution Chamber, Extractor  
  63  5:25  Drone x2  
  65  5:34  Extractor  
  64  5:39  Zerg Missile Weapons Level 1  
  63  5:43  Drone  
  63  5:44  Drone x7  
  68  5:55  Drone x3  
  68  5:56  Spore Crawler  
  70  6:02  Drone  
  70  6:03  Drone  
  72  6:06  Drone x2, Queen  
  72  6:10  Overlord  
  76  6:12  Overlord  
  76  6:17  Drone, Zerg Ground Armor Level 1  
  77  6:19  Roach x2  
  81  6:28  Overlord x2  
  81  6:30  Hydralisk Den  
  81  6:31  Extractor  
  79  6:33  Extractor  
  79  6:38  Drone x4  
  79  6:39  Drone x5  
  87  6:42  Roach  
  87  6:43  Overlord  
  86  7:00  Spore Crawler, Ravager x3  
  86  7:01  Ravager x2  
  87  7:03  Roach x5  
  99  7:08  Roach x3  
  99  7:15  Drone x4, Roach  
  107  7:19  Hydralisk x2  
  111  7:30  Roach  
  111  7:32  Overlord x3  
  111  7:34  Overlord  
  113  7:40  Overlord  
  113  7:43  Overlord  
  113  7:46  Overlord  
  109  7:58  Hydralisk  
  109  7:59  Hydralisk x6  
  109  8:04  Hydralisk  
  125  8:15  Infestation Pit  
  125  8:18  Hydralisk  
  125  8:19  Hydralisk  
  128  8:20  Zergling x10  
  133  8:35  Metabolic Boost  
  130  8:43  Overlord x3  
  128  8:54  Spine Crawler x2  
  128  8:55  Spore Crawler  
  125  8:58  Overlord x2  
  125  9:00  Hive  
  125  9:05  Spine Crawler x2  
  125  9:07  Spine Crawler  
  125  9:08  Roach  
  125  9:09  Roach x2  
  126  9:22  Roach x4  
  130  9:26  Roach  
  121  9:37  Overlord  
  117  9:38  Hydralisk  
  117  9:39  Hydralisk  
  111  9:49  Drone x2  
  111  9:50  Drone  
  95  10:15  Extractor  
  95  10:17  Hydralisk  
  95  10:18  Hydralisk x3  
  95  10:19  Drone  
  103  10:27  Hydralisk  
  105  10:34  Drone x3  
  107  10:52  Hydralisk  
  113  10:58  Drone x2  
Tags
 
Add a new tag
Caveats
  • Supply blocks, unpowered buildings, or Contaminate may cause inaccurate times.
  • Supply counts are checked every 10 seconds.